 Dungeon Crawl Stone Soup version 0.26-a0-1205-g4083c211ab (webtiles) character file.

Game seed: 381394140047184790

140 pistachioham the Vexing (level 5, -1/28 HPs)
             Began as a Deep Elf Arcane Marksman on Dec 30, 2020.
             Slain by a gnoll
             ... wielding a +0 spear
              (5 damage)
             ... on level 3 of the Dungeon.
             The game lasted 00:20:36 (2778 turns).

pistachioham the Vexing (Deep Elf Arcane Marksman)  Turns: 2778, Time: 00:20:36

Health: -1/28      AC:  4    Str:  7    XL:     5   Next: 2%
Magic:  6/9        EV: 13    Int: 19    God:
Gold:   110        SH:  0    Dex: 15    Spells: 4/7 levels left

rFire    . . .     SeeInvis +   b - +2 dagger (protect)
rCold    . . .     Faith    .   (no shield)
rNeg     . . .     Spirit   .   e - +0 robe
rPois    +         Reflect  .   (no helmet)
rElec    .         Harm     .   (no cloak)
rCorr    .         Rampage  .   q - +0 pair of gloves
Will     .....     Clarity  +   p - +0 pair of boots
Stlth    +.........             (no amulet)
HPRegen  0.09/turn              f - ring of see invisible
MPRegen  0.11/turn              (no ring)

@: berserk cooldown, very slightly contaminated, slowed, invisible, very slow
A: clarity, poison resistance
a: no special abilities


You were on level 3 of the Dungeon.
You visited 1 branch of the dungeon, and saw 3 of its levels.

You collected 110 gold pieces.

Inventory:

Hand Weapons
 a - a +0 shortbow
 b - a +2 dagger of protection (weapon)
Missiles
 d - 5 arrows
Armour
 e - a +0 robe (worn)
 p - a +0 pair of boots (worn)
 q - a +0 pair of gloves (worn)
Jewellery
 f - a ring of see invisible (left hand)
Scrolls
 h - 2 scrolls of remove curse {unknown}
 j - a scroll of amnesia {unknown}
 l - a scroll of identify {unknown}
 m - a scroll of fog {unknown}
 n - a scroll of teleportation {unknown}
Potions
 o - a potion of attraction {unknown}


   Skills:
 - Level 0.7 Fighting
 + Level 5.2 Bows
 - Level 2.4 Dodging
 - Level 1.5 Spellcasting
 + Level 6.1 Hexes


You had 4 spell levels left.
You knew the following spells:

 Your Spells              Type           Power        Failure   Level
a - Corona                Hex            26%          1%          1
S - Slow                  Hex            24%          2%          2

Your spell library contained the following spells:

 Spells                   Type           Power        Failure   Level
 Cause Fear               Hex            12%          14%         4
 Inner Flame              Hex/Fire       13%          16%         3
 Portal Projectile        Hex/Tloc       26%          16%         3
 Leda's Liquefaction      Hex/Erth       6%           45%         4


Dungeon Overview and Level Annotations

Branches:
Dungeon (3/15)

Altars:


Innate Abilities, Weirdness & Mutations

You possess an exceptional clarity of mind.
Your system is resistant to poisons. (rPois)


Message History

Unknown command.
You are no longer berserk.
You are exhausted.
You feel as though you will be slow longer.
The gnoll shouts!
The gnoll hits you with a +0 club.
* * * LOW HITPOINT WARNING * * *
It was a potion of mutation.
You feel extremely strange.
You feel resistant to poisons.
Your thoughts seem clearer.
The gnoll hits you from afar with a +0 spear.
* * * LOW HITPOINT WARNING * * *
The gnoll barely misses you. x2
Unknown command.
Unknown command.
It was a potion of invisibility.
You fade into invisibility!
The gnoll misses you. The gnoll closely misses you. x2
You are very lightly contaminated with residual magic.
The gnoll hits you from afar with a +0 spear.
You die...

#...#..g###.##
#..)#.........
#......####.#
#...........#
#...#.####### #...#.#
#..g#.# #####.gg#(#
........@.# #####...###
#....# #..)## #...# #...#
#####...################
#......................###
#.###.################.##.


You could see 3 gnolls.

Vanquished Creatures
  An orc wizard (D:3)
  A gnoll (D:3)
  2 adders (D:2)
  A worm (D:2)
  3 dart slugs
  4 leopard geckos
  5 orcs
  2 ball pythons
  3 giant cockroaches (D:2)
  5 goblins
  11 hobgoblins
  4 jackals
  7 kobolds
  A quokka (D:3)
  5 bats
  4 frilled lizards (D:1)
  4 rats
63 creatures vanquished.

Notes
Turn   | Place    | Note
-------+----------+-------------------------------------------
     0 | D:1      | pistachioham the Deep Elf Arcane Marksman began the quest
                  | for the Orb.
     0 | D:1      | Reached XP level 1. HP: 11/11 MP: 5/5
   388 | D:1      | Reached XP level 2. HP: 16/16 MP: 4/6
   547 | D:1      | Learned a level 2 spell: Slow
   933 | D:1      | Reached XP level 3. HP: 20/20 MP: 7/7
  1043 | D:2      | Reached skill level 5 in Hexes
  1929 | D:2      | Reached XP level 4. HP: 24/24 MP: 5/8
  2768 | D:3      | Reached skill level 5 in Bows
  2768 | D:3      | Reached skill level 6 in Hexes
  2768 | D:3      | Reached XP level 5. HP: 26/28 MP: 5/9
  2776 | D:3      | Gained mutation: Your system is resistant to poisons.
                  | (rPois) [potion of mutation]
  2776 | D:3      | Gained mutation: You possess an exceptional clarity of
                  | mind. [potion of mutation]
  2778 | D:3      | Slain by a gnoll

Illustrated notes

Levels and vault maps discovered:
D:1:      minmay_arrival_jagged, layout_rooms
D:2:      layout_rooms, serial_curves, eino_curves_01, eino_curves_04,
          eino_curves_04
D:3:      layout_loops_ring, chequers_ecumenical_altar_twisty,
          solitary_fountain, dk_noncrumbling_3, minmay_distorted

Skill      XL: |  1  2  3  4 |
---------------+-------------+-----
Bows           | 3 4 5 |  5.2
Hexes          | 5 6 |  6.1
Fighting       | |  0.7
Dodging        | |  2.4
Spellcasting   | |  1.5

Action                   |  1- 3 |  4- 6 || total
-------------------------+-------+-------++-------
Melee: Unarmed           |     2 |       ||     2
       Dagger            |   144 |    82 ||   226
 Fire: Shortbow          |    53 |    17 ||    70
 Cast: Corona            |    30 |    20 ||    50
       Slow              |       |     2 ||     2
  Use: Potion            |       |     4 ||     4
Armor: Robe              |    49 |    32 ||    81
Dodge: Dodged            |   122 |    86 ||   208

Table legend: (Time is in decaauts)
 A = Elapsed time spent in this place.
 B = Non-inter-level travel time spent in this place.
 C = Inter-level travel time spent in this place.
 D = Time resting spent in this place.
 E = Time spent auto-exploring this place.
 F = Levels seen in this place.
 G = Mean time per level.
                   A        B        C        D        E       F      G
               +--------+--------+--------+--------+--------+-----+--------+
         Total |   2772 |   2562 |    210 |    922 |    177 |   3 |  924.0 |
       Dungeon |   2772 |   2562 |    210 |    922 |    177 |   3 |  924.0 |
               +--------+--------+--------+--------+--------+-----+--------+

Top non-repeatable levels by time:
     D:2: 1434 daAuts
     D:1: 963 daAuts
     D:3: 375 daAuts
